 Dungeon Crawl Stone Soup version 0.28-a0-309-gf6d37e6e1d (webtiles) character file.

Game seed: 2841680369696458945

726 PentaManta the Basher (level 7, 0/41 HPs)
             Began as a Gargoyle Monk on Aug 30, 2021.
             Killed from afar by Blork the orc (4 damage)
             ... with a puff of frost
             ... on level 4 of the Dungeon.
             The game lasted 00:08:43 (5540 turns).

PentaManta the Basher (Gargoyle Monk)               Turns: 5540, Time: 00:08:44

Health: 0/41       AC: 13    Str: 15 (16) XL:     7   Next: 72%
Magic:  7/7        EV:  6    Int: 11      God:
Gold:   40         SH:  0    Dex: 12      Spells: 6/6 levels left

rFire   . . .      SeeInvis .   b - +0 flail
rCold   . . .      Faith    .   (no shield)
rNeg    + . .      Spirit   .   e - +0 chain mail
rPois   ∞          Reflect  .   o - +0 helmet
rElec   +          Harm     .   m - scarf {repulsion}
rCorr   .          Rampage  .   (no gloves)
Will    .....                   (no boots)
Stlth   ..........              (no amulet)
HPRegen 0.13/turn               (no ring)
MPRegen 0.10/turn               (no ring)

@: repel missiles
A: sickness immunity, AC +4, negative energy resistance 1, electricity
resistance, torment resistance 1, petrification resistance
a: no special abilities


You were on level 4 of the Dungeon.
You visited 1 branch of the dungeon, and saw 4 of its levels.

You collected 111 gold pieces.
You spent 71 gold pieces at shops.

Inventory:

Hand Weapons
 b - a +0 flail (weapon)
 p - a +0 dagger of venom
Missiles
 c - 5 javelins
 g - 14 poisoned darts
 q - 5 boomerangs (quivered)
Armour
 e - a +0 chain mail (worn)
 j - a +0 scale mail
 m - a scarf of repulsion (worn)
 o - a +0 helmet (worn)
Jewellery
 a - a +6 ring of strength
Wands
 h - a wand of iceblast (8)
Scrolls
 d - a scroll of magic mapping
 f - a scroll of teleportation
 i - 3 scrolls of fog
 l - a scroll of amnesia
 r - a scroll of blinking {unknown}
Potions
 k - 2 potions of might
 n - a potion of lignification


   Skills:
 - Level 3.2 Fighting
 + Level 8.9 Maces & Flails
 - Level 2.4 Dodging
 - Level 2.1 Stealth


You had 6 spell levels left.
You didn't know any spells.
Your spell library contained the following spells:

 Spells                   Type           Power      Damage    Failure   Level
 Apportation              Tloc           0%         N/A       100%        1
 Ensorcelled Hibernation  Hex/Ice        0%         N/A       100%        2
 Passwall                 Tmut/Erth      0%         N/A       100%        2
 Gell's Gravitas          Tloc           0%         N/A       100%        3
 Lesser Beckoning         Tloc           0%         N/A       100%        3
 Spider Form              Tmut/Pois      0%         N/A       100%        3
 Swiftness                Air            0%         N/A       100%        3
 Teleport Other           Tloc           0%         N/A       100%        3
 Alistair's Intoxication  Tmut/Pois      0%         N/A       100%        5
 Dispersal                Tloc           0%         N/A       100%        6
 Invisibility             Hex            0%         N/A       100%        6
 Disjunction              Tloc           0%         N/A       100%        8


Dungeon Overview and Level Annotations

Branches:
Dungeon (4/15)
 Temple: D:4-7

Altars:
Dithmenos
Vehumet

Shops:
D:3 *

Annotations:
D:3 3 runed translucent doors, Anathary's ghost, weakling SpBr
D:4 Blork the orc


Innate Abilities, Weirdness & Mutations

You are immune to sickness and miasma.
Your stone body is resilient. (AC +4)
You are immune to poison.
You resist negative energy. (rN+)
You are resistant to electric shocks. (rElec)
You are resistant to unholy torment.
You are immune to petrification.


Message History

Found a stone staircase leading up.
Blork the orc comes into view.
He is wielding a +3 mace of protection.
Blork the orc shouts!
Blork the orc is nearby!
Blork the orc is nearby!
Found a murky amethyst potion.
You hit Blork the orc but do no damage.
Blork the orc drinks a potion.
Blork the orc flickers and vanishes!
Deactivating autopickup; reactivate with Ctrl-A.
You hit something but do no damage. You hit something but do no damage.
You hear some strange, mumbled words.
You barely miss something. Something hits you.
You barely miss something. Something hits you.
You hear some strange, mumbled words.
A puff of frost appears from out of thin air!
The puff of frost hits you.
You miss something. Something hits you but does no damage.
You barely miss something. Something hits you.
Something hits you but does no damage.
You closely miss something. Something hits you.
You closely miss something. Something completely misses you.
You hit something but do no damage.
Something hits you but does no damage. x2
You barely miss something. Something hits you but does no damage.
You sock something! Something hits you!
* * * LOW HITPOINT WARNING * * *
Something hits you but does no damage.
You closely miss something. You barely miss something.
You hear some strange, mumbled words.
A puff of frost appears from out of thin air!
The puff of frost is repelled.
You hear some strange, mumbled words.
A puff of frost appears from out of thin air!
The puff of frost hits you!
* * * LOW HITPOINT WARNING * * *
You hear some strange, mumbled words.
A puff of frost appears from out of thin air!
The puff of frost hits you.
You die...

#..####.## #.##
#...)...#######...
#....#..........#
#.####.###...#..#
#. #.##.<#.#
.#####.#..##...
.........## ....
######..## #####
##@####.##
###......?.
#..{###.###
#......!..#
#...........#
#.##........# #.
#........# .
########## #


There were no monsters in sight!

Vanquished Creatures
  Sigmund (D:2)
  A necrophage (D:4)
  A black bear (D:3)
  3 orc priests (D:3)
  An iguana (D:3)
  Ijyb (D:4)
  4 orc wizards (D:3)
  Robin (D:3)
  4 adders
  A dart slug (D:1)
  12 orcs
  7 endoplasms
  2 giant cockroaches
  14 goblins
  11 hobgoblins
  7 jackals (D:2)
  7 kobolds
  2 quokkas
  4 ball pythons
  8 bats
  A frilled lizard (D:1)
  11 rats
104 creatures vanquished.

Vanquished Creatures (others)
  5 plants
5 creatures vanquished.

Grand Total: 109 creatures vanquished

Notes
Turn   | Place    | Note
-------+----------+-------------------------------------------
     0 | D:1      | PentaManta the Gargoyle Monk began the quest for the Orb.
     0 | D:1      | Reached XP level 1. HP: 14/14 MP: 1/1
   163 | D:1      | Reached XP level 2. HP: 18/19 MP: 2/2
   465 | D:1      | Reached skill level 4 in Maces & Flails
   580 | D:1      | Reached XP level 3. HP: 23/23 MP: 3/3
  1408 | D:2      | Found a radiant altar of Vehumet.
  1500 | D:2      | Found a faded altar of an unknown god.
  1829 | D:2      | Reached XP level 4. HP: 27/28 MP: 4/4
  2011 | D:2      | Found Nebavuza's General Store.
  2176 | D:2      | Noticed Sigmund
  2195 | D:2      | Killed Sigmund
  2196 | D:2      | Reached skill level 6 in Maces & Flails
  2196 | D:2      | Reached XP level 5. HP: 2/32 MP: 5/5
  2784 | D:3      | Found a shadowy altar of Dithmenos.
  2833 | D:3      | Noticed Anathary's ghost (weakling SpBr)
  2862 | D:3      | Reached XP level 6. HP: 29/37 MP: 6/6
  2932 | D:3      | Found a runed translucent gate.
  2932 | D:3      | Found a runed translucent gate.
  2932 | D:3      | Found a runed translucent gate.
  3314 | D:3      | Found Noorich's General Store.
  3322 | D:3      | Bought a scroll of magic mapping for 38 gold pieces
  3322 | D:3      | Bought a scroll of teleportation for 33 gold pieces
  3385 | D:3      | Reached skill level 7 in Maces & Flails
  4335 | D:4      | Noticed Ijyb
  4364 | D:4      | Killed Ijyb
  4602 | D:4      | Reached XP level 7. HP: 41/41 MP: 7/7
  4604 | D:4      | Noticed Robin
  4938 | D:3      | Killed Robin
  5187 | D:3      | Reached skill level 8 in Maces & Flails
  5523 | D:4      | Noticed Blork the orc
  5540 | D:4      | Killed from afar by Blork the orc

Illustrated notes

Levels and vault maps discovered:
D:1:      saegor_arrival_simple_d, layout_basic, st_stairs_9,
          minmay_misc_feat_roman
D:2:      layout_basic, ebering_ecumenical_altar_sacrificial, serial_shops,
          shop, basic_altar, hangedman_glass_garden, uniq_sigmund
D:3:      mumra_celtic_spiral_tile, layout_loops_ring, general_overflow_altar,
          serial_shops, shop_fountains, gammafunk_ghost_icy
D:4:      layout_rooms, elyvilon_altar_1, uniq_edmund, uniq_robin,
          uniq_blork_the_orc, uniq_ijyb

Skill      XL: |  1  2  3  4  5  6  7 |
---------------+----------------------+-----
Maces & Flails | 4 6 7 8 |  8.9
Fighting       | |  3.2
Dodging        | |  2.4
Stealth        | |  2.1

Action                   |  1- 3 |  4- 6 |  7- 9 || total
-------------------------+-------+-------+-------++-------
Melee: Mace              |   156 |    75 |       ||   231
       Flail             |       |    84 |   107 ||   191
       Unarmed           |       |       |     1 ||     1
  Use: Scroll            |       |     4 |       ||     4
       Potion            |       |     4 |       ||     4
 Stab: Sleeping          |     1 |     1 |       ||     2
Armor: Robe              |    19 |       |       ||    19
       Ring mail         |    69 |    24 |       ||    93
       Scale mail        |       |    23 |       ||    23
       Skin              |       |    15 |     1 ||    16
       Chain mail        |       |    14 |    96 ||   110
Dodge: Dodged            |   109 |    55 |    45 ||   209
       Repelled          |       |       |     1 ||     1

Table legend: (Time is in decaauts)
 A = Elapsed time spent in this place.
 B = Non-inter-level travel time spent in this place.
 C = Inter-level travel time spent in this place.
 D = Time resting spent in this place.
 E = Time spent auto-exploring this place.
 F = Levels seen in this place.
 G = Mean time per level.
                   A        B        C        D        E       F      G
               +--------+--------+--------+--------+--------+-----+--------+
         Total |   5586 |   5386 |    200 |   1231 |   3199 |   4 | 1396.5 |
       Dungeon |   5586 |   5386 |    200 |   1231 |   3199 |   4 | 1396.5 |
               +--------+--------+--------+--------+--------+-----+--------+

Top non-repeatable levels by time:
     D:3: 2360 daAuts
     D:2: 1618 daAuts
     D:1: 1158 daAuts
     D:4: 448 daAuts
